 Dungeon Crawl Stone Soup version 0.30-a0-576-g89cddaab80 (webtiles) character file.

Game seed: 7333871992117768132

5637 Shayle the Nimble (level 10, -2/61 (63) HPs)
             Began as a Tengu Reaver on Dec 30, 2022.
             Was a Believer of Kikubaaqudgha.
             Slain by a troll (7 damage)
             ... on level 10 of the Dungeon.
             The game lasted 00:27:06 (10482 turns).

Shayle the Nimble (Tengu Reaver)                   Turns: 10482, Time: 00:27:07

HP:   -2/61 (63)    AC:  7    Str: 16    XL:     10   Next: 74%
MP:   14/14         EV: 18    Int: 18    God:    Kikubaaqudgha [**....]
Gold: 645           SH:  5    Dex: 12    Spells: 0/13 levels left

rFire   . . .      SeeInvis .    o - +2 hand axe (venom)
rCold   . . .      Faith    .    (no shield)
rNeg    . . .      Spirit   .    q - +2 robe of the Poles {rPois}
rPois   +          Reflect  +    (helmet restricted)
rElec   .          Harm     .    B - +0 cloak
rCorr   .          Rampage  .    f - +1 pair of gloves {Str+3}
Will    .....                    (boots unavailable)
Stlth   +                        t - amulet of reflection
HPRegen 0.30/turn                (no ring)
MPRegen 0.14/turn                (no ring)

@: flying quickly and evasively, lightly drained, quick
A: beak, talons 3, nimble flight
a: Renounce Religion, Unearth Wretches


You were on level 10 of the Dungeon.
You worshipped Kikubaaqudgha.
Kikubaaqudgha was pleased with you.
You visited 2 branches of the dungeon, and saw 11 of its levels.

You collected 645 gold pieces.

Inventory:

Hand Weapons
 a - a +1 short sword
 o - a +2 hand axe of venom (weapon)
 u - a +4 scimitar of freezing
 J - a +5 hand axe
Missiles
 v - 2 throwing nets
 L - 11 silver boomerangs (quivered)
Armour
 b - a +1 leather armour
 f - a +1 pair of gloves of strength (worn)
 q - the +2 robe of the Poles (worn) {rPois}
   (You found it on level 5 of the Dungeon)

   rPois:     It protects you from poison.
 y - a +0 troll leather armour
 B - a +0 cloak (worn)
Magical Staves
 C - a staff of death
Jewellery
 l - an amulet of guardian spirit
 t - an amulet of reflection (around neck)
Wands
 h - a wand of flame (10)
 n - a wand of digging (21)
 x - a wand of mindburst (6)
Scrolls
 i - a scroll of magic mapping
 j - 3 scrolls of vulnerability
 k - 2 scrolls of amnesia
 A - a scroll of poison {unknown}
 D - a scroll of teleportation
 M - a scroll of butterflies {unknown}
Potions
 c - 2 potions of resistance
 d - a potion of haste
 e - 2 potions of degeneration
 g - 2 potions of attraction
 m - 3 potions of flight
 p - 3 potions of ambrosia
 r - a potion of berserk rage {unknown}
 s - a potion of magic {unknown}
 w - 2 potions of mutation
 z - a potion of curing
 E - a potion of might
 F - 2 potions of lignification {unknown}
 G - 2 potions of brilliance {unknown}


   Skills:
 + Level 7.4 Fighting
 - Level 3.2 Short Blades
 + Level 8.0 Dodging
 - Level 2.0 Spellcasting
 + Level 7.6 Conjurations
 + Level 7.6 Necromancy
 + Level 4.9 Fire Magic
 + Level 5.2 Earth Magic


You couldn't memorise any spells.
You knew the following spells:

 Your Spells              Type           Power      Damage    Failure   Level
a - Kiss of Death         Conj/Necr      100%       2d13      1%          1
b - Sticky Flame          Conj/Fire      24%        2d5       14%         4
c - Vampiric Draining     Necr           29%        2d8       2%          3
d - Fireball              Conj/Fire      12%        3d7       36%         5

Your spell library contained the following spells:

 Spells                   Type           Power      Damage    Failure   Level
 Foxfire                  Conj/Fire      96%        2x1d8     1%          1
 Necrotise                Necr           100%       1d9       1%          1
 Sublimation of Blood     Necr           29%        N/A       1%          2
 Momentum Strike          Conj/Tloc      30%        3d8       6%          2
 Cigotuvi's Dreadful Rot  Necr/Pois/Air  20%        N/A       10%         2
 Dazzling Flash           Conj/Hex       30%        N/A       12%         3
 Hailstorm                Conj/Ice       15%        3d5       12%         3
 Freeze                   Ice            4%         1d3       19%         1
 Ignite Poison            Fire/Tmut/Pois 7%         N/A       28%         3
 Iskenderun's Mystic Bla  Conj/Tloc      15%        2d5       36%         4
 Frozen Ramparts          Ice            2%         1d1       47%         3
 Ozocubu's Armour         Ice            1%         N/A       47%         3
 Petrify                  Tmut/Erth      11%        N/A       52%         4
 Irradiate                Conj/Tmut      7%         3d14      71%         5
 Lightning Bolt           Conj/Air       7%         1d20      71%         5
 Airstrike                Air            0%         2d(1-17)  87%         4
 Summon Lightning Spire   Summ/Air       1%         N/A       87%         4
 Starburst                Conj/Fire      12%        6d5       91%         6
 Metabolic Englaciation   Hex/Ice        0%         N/A       99%         5
 Simulacrum               Ice/Necr       7%         N/A       99%         6
 Ozocubu's Refrigeration  Ice            0%         4d7       100%        7
 Ignition                 Fire           9%         3d5       100%        8


Dungeon Overview and Level Annotations

Branches:
Dungeon (10/15)            Temple (1/1) D:5             Orc (0/2) D:9
   Lair: D:8-11

Altars:
Ashenzari
Cheibriados
Dithmenos
Elyvilon
Fedhas
Gozag
Hepliaklqana
Kikubaaqudgha
Makhleb
Nemelex Xobeh
Okawaru
Qazlal
Ru
Sif Muna
Trog
Uskayaw
Vehumet
Wu Jian
Xom
Yredelemnul
Zin
The Shining One

Annotations:
D:2 1 runed translucent door, Crazy Yiuf
D:5 Pikel


Innate Abilities, Weirdness & Mutations

You have a beak for a mouth.
You have claws for feet.
Your magical nature lets you fly swiftly and evasively.


Message History

There is a stone staircase leading down here.
You fly downwards.
There is a stone staircase leading up here.
A troll comes into view.
Found a chain mail and 2 potions of mutation.
The troll shouts!
You closely miss the troll. You claw the troll. Your peck misses the troll.
The troll is lightly wounded.
The troll barely misses you. The troll claws you. The troll barely misses you.
You barely miss the troll.
The troll is lightly wounded.
The troll closely misses you. The troll barely misses you.
The troll misses you. You block the troll's attack. The troll misses you.
The troll claws you!
You closely miss the troll. Your kick misses the troll.
The troll closely misses you. The troll barely misses you.
The troll misses you.
You closely miss the troll. You claw the troll.
You punch the troll, but do no damage.
The troll is lightly wounded.
The troll bites you! The troll claws you. The troll completely misses you.
You closely miss the troll. You claw the troll.
You peck the troll, but do no damage.
The troll is lightly wounded.
The troll barely misses you. The troll claws you! The troll claws you.
The troll completely misses you. You block the troll's attack. x2
You hit the troll.
The troll is poisoned.
You claw the troll.
The troll is moderately wounded.
The troll bites you!
* * * LOW HITPOINT WARNING * * *
The troll barely misses you. The troll closely misses you.
Okay, then.
Aiming: Mindburst
Press: ? - help, Shift-Dir - straight line, f - troll
Aim: a troll (moderately wounded, very poisoned, chance to affect: 64%)
The troll's mind is blasted!!
The troll bites you!
* * * LOW HITPOINT WARNING * * *
The troll barely misses you. The troll claws you!
You die...
Kikubaaqudgha rasps: "You have failed me!
Welcome... death!"

#.....#
##..#.#
#.###.#
##....#
##...#
#.##.#
#....#
##....#
#..#.@#
#####T#
....
......#
.......#
.!.[....#
.........#
..........#


You could see a troll (very poisoned).

Vanquished Creatures
  Harold (D:9)
  A two-headed ogre (D:9)
  Maurice (D:8)
  A troll (D:5)
  Prince Ribbit (D:8)
  A wraith (D:9)
  A wyvern (D:8)
  2 black bears
  3 orc warriors
  4 centaurs
  4 phantoms
  2 kobold brigands
  3 bullfrogs
  5 scorpions
  11 wights
  A troll zombie (D:9)
  2 howler monkeys
  5 hounds
  A jelly (D:3)
  3 orc priests
  Ijyb (D:3)
  7 iguanas
  Natasha (thrice) (D:2)
  7 orc wizards
  7 ogre zombies (D:9)
  A gnoll (D:1)
  4 adders
  A shadow imp (D:8)
  2 white imps
  An ufetubus (D:5)
  A worm (D:1)
  6 dart slugs
  21 orcs
  10 ball pythons
  7 endoplasms
  4 giant cockroaches
  7 hobgoblins
  17 kobolds
  2 quokkas (D:1)
  8 bats
  3 frilled lizards (D:1)
  16 goblins
  4 goblin zombies (D:9)
  A hobgoblin skeleton (D:9)
  4 hobgoblin zombies (D:9)
  5 orc skeletons (D:9)
  11 orc zombies (D:9)
  4 rats
218 creatures vanquished.

Vanquished Creatures (others)
  An orc wizard (D:8)
  4 fungi (D:5)
  A plant (D:5)
6 creatures vanquished.

Grand Total: 224 creatures vanquished

Notes
Turn   | Place    | Note
-------+----------+-------------------------------------------
     0 | D:1      | Shayle the Tengu Reaver began the quest for the Orb.
     0 | D:1      | Reached XP level 1. HP: 12/12 MP: 4/4
   146 | D:1      | Reached XP level 2. HP: 14/17 MP: 6/6
   330 | D:1      | Reached skill level 1 in Necromancy
   330 | D:1      | Reached XP level 3. HP: 7/22 MP: 7/7
   803 | D:2      | Reached skill level 1 in Earth Magic
  1021 | D:2      | Found a runed translucent door.
  1022 | D:2      | Noticed Crazy Yiuf
  1079 | D:2      | Noticed Natasha
  1089 | D:2      | Killed Natasha
  1090 | D:2      | Reached skill level 3 in Dodging
  1090 | D:2      | Reached XP level 4. HP: 18/27 MP: 5/8
  1332 | D:2      | Noticed Natasha
  1419 | D:2      | Killed Natasha
  1420 | D:2      | Gained mutation: Your magical nature lets you fly swiftly
                  | and evasively. [Tengu growth]
  1420 | D:2      | Reached XP level 5. HP: 17/32 MP: 4/9
  1493 | D:2      | Noticed Natasha
  1502 | D:2      | Killed Natasha
  2145 | D:3      | Noticed Ijyb
  2146 | D:3      | Paralysed by Ijyb for 2 turns
  2156 | D:3      | Killed Ijyb
  2364 | D:3      | Reached XP level 6. HP: 37/37 MP: 10/10
  2476 | D:3      | Reached skill level 4 in Dodging
  2918 | D:4      | Reached XP level 7. HP: 26/43 MP: 7/11
  3016 | D:4      | HP: 1/43 [poisoned by a scorpion]
  3509 | D:5      | Entered Level 5 of the Dungeon
  3512 | D:5      | Identified the +2 robe of the Poles {rPois}
  3590 | D:5      | Found a sacrificial altar of Ru.
  3686 | D:5      | Noticed a troll
  3693 | D:5      | Killed a troll
  3694 | D:5      | Reached skill level 5 in Dodging
  3881 | D:5      | Found a staircase to the Ecumenical Temple.
  3895 | Temple   | Entered the Ecumenical Temple
  3998 | D:5      | Reached XP level 8. HP: 42/48 MP: 12/12
  4191 | D:5      | Noticed Pikel
  4325 | D:6      | Reached skill level 5 in Fighting
  4684 | D:6      | Found a hazy altar of Hepliaklqana.
  4773 | D:6      | Reached skill level 5 in Necromancy
  4982 | D:6      | Found a glowing silver altar of Zin.
  4989 | D:6      | Found a bloodstained altar of Trog.
  4991 | D:6      | Found a glowing golden altar of the Shining One.
  4992 | D:6      | Found an ancient bone altar of Kikubaaqudgha.
  4993 | D:6      | Found a broken altar of Ashenzari.
  4997 | D:6      | Became a worshipper of Kikubaaqudgha
  5162 | D:6      | Identified a scroll of acquirement
  5162 | D:6      | Acquired a +1 pair of gloves of strength
  5530 | D:7      | Reached skill level 6 in Dodging
  5636 | D:7      | Learned a level 4 spell: Sticky Flame
  5725 | D:7      | Found a radiant altar of Vehumet.
  6534 | D:8      | Noticed Maurice
  6552 | D:8      | Killed Maurice
  6553 | D:8      | Reached skill level 1 in Fire Magic
  6553 | D:8      | Reached XP level 9. HP: 25/55 MP: 13/13
  6773 | D:8      | Noticed Prince Ribbit
  6788 | D:8      | Killed Prince Ribbit
  6789 | D:8      | Reached skill level 5 in Conjurations
  7323 | D:9      | Found a stormy altar of Qazlal.
  7477 | D:9      | Found a sparkling altar of Nemelex Xobeh.
  7529 | D:9      | Noticed a two-headed ogre
  7553 | D:9      | Found a burning altar of Makhleb.
  7561 | D:9      | Killed a two-headed ogre
  7562 | D:9      | Reached skill level 7 in Dodging
  7741 | D:9      | Reached * piety under Kikubaaqudgha
  7741 | D:9      | Received a gift from Kikubaaqudgha
  7818 | D:9      | Found a staircase to the Orcish Mines.
  7838 | D:9      | Reached XP level 10. HP: 41/61 MP: 14/14
  8261 | D:9      | Learned a level 3 spell: Vampiric Draining
  8267 | D:9      | Learned a level 5 spell: Fireball
  8331 | D:9      | Noticed Harold
  8345 | D:9      | Killed Harold
  8346 | D:9      | Reached skill level 5 in Earth Magic
  9076 | D:8      | Reached ** piety under Kikubaaqudgha
  9691 | D:5      | Reached skill level 8 in Dodging
  9789 | D:5      | Found a white marble altar of Elyvilon.
 10359 | D:10     | Entered Level 10 of the Dungeon
 10363 | D:10     | Noticed a two-headed ogre
 10482 | D:10     | Slain by a troll

Illustrated notes

Levels and vault maps discovered:
D:1:      saegor_arrival_simple_b, layout_loops_ring
D:2:      cheibrodos_greedy_goblins, layout_loops_ring, reono_crystal_passage,
          minmay_door_square, hangedman_decor_points, minmay_misc_feat_iff,
          uniq_natasha, uniq_crazy_yiuf_cottage
D:3:      layout_loops_ring, serial_park_tiny_1, uniq_ijyb
D:4:      layout_rooms
D:5:      layout_loops_ring, nicolae_ru_sacrificial_ziggurat,
          mainiacjoe_overflow_boulevard, minmay_temple_entry_overgrown,
          water_boxes_lemuel, uniq_pikel
D:6:      minmay_spotlight, layout_loops_corners,
          worldfamousw_hep_ancestral_shrine, minitemple
D:7:      layout_layer_cave, mainiacjoe_overflow_chevrons
D:8:      layout_basic, uniq_prince_ribbit1, uniq_maurice
D:9:      layout_cave_pods, mainiacjoe_overflow_24_doors,
          mainiacjoe_overflow_cross_hatched,
          mainiacjoe_overflow_surrounded_room, zombieorc2_lemuel,
          minmay_unpleasant_kobolds, uniq_harold
D:10:     nicolae_cairo_tiling_large_dashed, layout_gridville, serial_shops,
          nicolae_shop_hallway_stairs, hangedman_decor_peaks_small,
          small_statue_alley_a, minmay_misc_feat_rugged, grunt_ministairs_2
Temple:   eino_temple_lava

Skill      XL: |  1  2  3  4  5  6  7  8  9 10 |
---------------+-------------------------------+-----
Necromancy     | 1 2 3 4 5 6 7 |  7.6
Earth Magic    | 1 2 3 4 5 |  5.2
Dodging        | 3 4 5 6 7 8 |  8.0
Fighting       | 3 4 5 6 7 |  7.4
Fire Magic     | 1 3 4 |  4.9
Conjurations   | 6 7 |  7.6
Short Blades   | |  3.2
Spellcasting   | |  2.0

Action                   |  1- 3 |  4- 6 |  7- 9 | 10-12 || total
-------------------------+-------+-------+-------+-------++-------
Melee: Short sword       |    96 |    81 |       |       ||   177
       Kick              |    24 |    28 |    79 |    79 ||   210
       Peck              |    14 |    26 |    48 |    61 ||   149
       Punch             |     2 |     1 |     1 |     6 ||    10
       Hand axe          |       |    50 |   248 |   208 ||   506
Throw: Boomerang         |       |       |     4 |    18 ||    22
 Cast: Vampiric Draining |       |       |       |     2 ||     2
Evoke: Wand              |       |       |     2 |    13 ||    15
  Use: Scroll            |       |     4 |    12 |     7 ||    23
       Potion            |       |       |     4 |     6 ||    10
 Stab: Distracted        |       |     1 |       |       ||     1
       Sleeping          |       |     1 |       |       ||     1
       Invisible         |       |       |       |     1 ||     1
Armor: Leather armour    |    29 |    27 |    10 |       ||    66
       Robe              |       |       |    43 |    51 ||    94
Dodge: Dodged            |    55 |    87 |   197 |   157 ||   496
Block: Other             |       |       |    54 |    55 ||   109
       Reflection        |       |       |     2 |     1 ||     3

Table legend: (Time is in decaauts)
 A = Elapsed time spent in this place.
 B = Non-inter-level travel time spent in this place.
 C = Inter-level travel time spent in this place.
 D = Time resting spent in this place.
 E = Time spent auto-exploring this place.
 F = Levels seen in this place.
 G = Mean time per level.
                   A        B        C        D        E       F      G
               +--------+--------+--------+--------+--------+-----+--------+
         Total |   9992 |   9341 |    651 |   1439 |   5347 |  11 |  908.4 |
       Dungeon |   9943 |   9292 |    651 |   1439 |   5309 |  10 |  994.3 |
        Temple |     48 |     48 |      0 |      0 |     37 |   1 |   48.0 |
               +--------+--------+--------+--------+--------+-----+--------+

Top non-repeatable levels by time:
     D:9: 1807 daAuts
     D:8: 1383 daAuts
     D:2: 1182 daAuts
     D:5: 1173 daAuts
     D:7: 1107 daAuts
     D:6: 944 daAuts
     D:1: 905 daAuts
     D:3: 765 daAuts
     D:4: 632 daAuts
  Temple: 48 daAuts
    D:10: 41 daAuts
